Map: Nightshade LE

Players

Nick

  • Race: Terran Terran
  • League: Silver
  • Spawn Location: 5:00

antagomiR - Winner!

  • Race: Protoss Protoss
  • League: Gold
  • Spawn Location: 11:00

VOD

Have the link to the VOD?

Description

Time

  • Played on: April 9, 2020, 6:52 p.m.
  • Length: 26:39
Show
View Real Time Build Order
Export as new Build Order

Nick Terran 

Build Orders:  

Get SALT Encoding   

  12  0:02  SCV  
  13  0:14  SCV  
  13  0:20  Supply Depot  
  14  0:26  SCV  
  15  0:41  SCV  
  16  0:45  Barracks  
  16  0:51  Refinery  
  16  0:56  Refinery  
  16  0:57  SCV  
  17  1:09  SCV  
  18  1:16  Supply Depot  
  18  1:26  SCV  
  19  1:38  Barracks Reactor  
  19  1:58  Barracks  
  19  2:00  SCV  
  20  2:06  Supply Depot  
  20  2:12  SCV  
  20  2:15  Marine x2  
  23  2:24  SCV  
  24  2:33  Marine x2  
  24  2:36  SCV  
  27  2:37  Supply Depot  
  27  2:45  Barracks Reactor  
  27  2:48  SCV  
  27  2:51  Marine x2  
  30  3:00  SCV  
  30  3:04  Supply Depot  
  31  3:08  Marine  
  31  3:09  Marine  
  33  3:15  Factory  
  33  3:26  Marine x2  
  34  3:29  Marine x2  
  37  3:54  Marine x2  
  38  3:56  Marine x2  
  40  4:05  Engineering Bay  
  40  4:06  Factory Tech Lab  
  40  4:20  Command Center  
  40  4:30  Siege Tank  
  43  4:47  Starport  
  43  4:49  Terran Infantry Weapons Level 1  
  43  4:54  Marine  
  43  4:55  Marine  
  45  5:12  Marine x2  
  47  5:16  Siege Tank  
  50  5:26  Supply Depot  
  50  5:33  Medivac  
  52  5:49  Missile Turret, Supply Depot  
  52  6:03  Medivac  
  54  6:12  Missile Turret  
  54  6:24  SCV  
  55  6:27  Orbital Command  
  55  6:32  Missile Turret  
  55  6:36  SCV  
  56  6:42  Starport Tech Lab  
  56  6:43  Hi-Sec Auto Tracking  
  56  6:48  SCV, Supply Depot  
  56  6:52  Missile Turret  
  57  7:00  SCV  
  58  7:08  Siege Tank  
  58  7:10  Supply Depot  
  58  7:11  Marine  
  58  7:12  Marine, SCV  
  64  7:16  Marine x2  
  66  7:23  Missile Turret  
  66  7:24  SCV  
  67  7:32  Starport  
  67  7:49  Missile Turret  
  67  8:02  Missile Turret  
  67  8:11  Missile Turret  
  67  8:14  SCV  
  67  8:15  Missile Turret  
  68  8:21  Starport Tech Lab  
  68  8:23  Missile Turret  
  68  8:26  SCV  
  69  8:27  Starport  
  69  8:31  Missile Turret  
  69  8:33  Fusion Core  
  69  8:38  SCV  
  70  8:42  Refinery  
  70  8:48  Refinery  
  70  8:50  SCV  
  70  8:54  Cloaking Field  
  71  8:59  Banshee  
  71  9:02  SCV, Banshee  
  78  9:20  Planetary Fortress  
  78  9:21  Armory  
  78  9:31  Missile Turret  
  78  9:34  Starport Tech Lab  
  78  9:42  Barracks  
  78  9:48  Bunker  
  78  10:08  Command Center  
  78  10:17  Missile Turret  
  78  10:44  Missile Turret  
  78  10:55  Siege Tank  
  81  11:06  Weapon Refit  
  81  11:09  Terran Infantry Armor Level 1  
  81  11:25  Banshee  
  83  11:26  Banshee  
  83  11:28  Banshee  
  89  11:37  Ghost Academy  
  89  11:41  Barracks Tech Lab  
  89  11:51  Marine x2  
  89  11:53  Marine x2  
  93  11:56  Siege Tank  
  96  12:07  Ghost Academy  
  96  12:08  Viking  
  98  12:09  Viking  
  98  12:11  Raven  
  102  12:31  Supply Depot  
  102  12:52  Viking x2  
  102  12:54  Viking  
  102  12:55  Supply Depot  
  108  13:03  Neosteel Armor  
  108  13:21  Missile Turret  
  108  13:36  Banshee  
  108  13:37  Banshee  
  108  13:40  Banshee  
  117  13:44  Combat Shield  
  117  14:05  Missile Turret  
  117  14:43  Terran Infantry Weapons Level 2  
  117  15:31  Supply Depot, Command Center  
  117  15:36  Supply Depot  
  117  15:45  Missile Turret  
  117  15:52  Banshee  
  117  15:53  Marine  
  117  15:54  Marine  
  117  15:55  Marine  
  117  15:56  Marine  
  124  15:58  Thor  
  130  16:11  Marine x2  
  130  16:13  Marine x2  
  134  16:27  Supply Depot  
  134  16:34  Supply Depot  
  134  16:40  Personal Cloaking  
  134  16:42  Thor, Viking  
  142  16:47  SCV  
  142  16:49  Supply Depot  
  143  16:58  Supply Depot  
  143  16:59  SCV  
  144  17:11  SCV  
  144  17:12  Viking x2  
  144  17:14  Viking  
  151  17:25  Thor  
  93  18:08  Thor  
  85  18:41  Marine x2  
  87  18:44  Marine x2  
  89  18:51  Thor  
  95  18:58  Marine  
  95  18:59  Marine  
  95  19:02  Marine x2  
  99  19:16  Marine x2  
  98  19:19  Marine  
  98  19:20  Marine  
  91  19:34  Marine x2, Siege Tank  
  91  19:37  Marine x2, Banshee  
  101  20:06  Siege Tank  
  104  20:29  Bunker  
  104  20:54  Command Center  
  46  22:52  SCV  
  47  23:00  Marine x2  
  47  23:02  Marine x2  
  47  23:04  SCV  
  52  23:17  SCV, Marine x2  
  55  23:20  Marine x2  
  57  23:29  SCV  
  58  23:35  Marine x2  
  58  23:38  Marine x2, Bunker  
  58  23:41  SCV  
  63  24:09  Bunker  
  63  24:10  SCV  
  64  24:22  SCV  
  65  24:26  Marine x2  
  65  24:28  Marine x2  
  65  24:44  Marine x2  
  64  24:46  Marine x2  
  62  25:02  Marine  
  62  25:04  Marine  
  44  25:47  Missile Turret  
  20  26:09  Missile Turret  
  20  26:11  Missile Turret  
Show
View Real Time Build Order
Export as new Build Order

antagomiR Protoss - Winner!

Build Orders: Archon Immortal 

Get SALT Encoding   

  12  0:01  Probe  
  13  0:13  Probe  
  14  0:17  Pylon  
  14  0:25  Probe  
  15  0:37  Gateway  
  15  0:39  Probe  
  16  0:51  Probe  
  16  0:56  Assimilator  
  17  1:04  Probe  
  18  1:08  Assimilator  
  18  1:16  Probe  
  19  1:29  Cybernetics Core  
  19  1:37  Pylon  
  19  1:45  Probe  
  19  1:57  Probe  
  20  2:02  Warp Gate (Chrono Boost)  
  20  2:08  Stalker (Chrono Boost)  
  22  2:09  Probe  
  23  2:21  Probe  
  24  2:35  Stalker  
  26  2:38  Nexus  
  26  2:42  Pylon  
  26  2:45  Probe  
  27  2:55  Robotics Facility  
  27  2:57  Probe  
  28  3:09  Probe  
  29  3:13  Shield Battery  
  29  3:21  Probe  
  30  3:29  Gateway  
  30  3:33  Probe  
  31  3:45  Probe  
  30  3:52  Probe  
  31  3:56  Observer  
  31  3:57  Probe  
  33  4:02  Sentry  
  33  4:04  Probe  
  33  4:09  Probe  
  37  4:14  Pylon  
  37  4:16  Probe  
  38  4:17  Immortal  
  38  4:24  Stalker  
  44  4:29  Sentry  
  46  4:33  Probe x2  
  48  4:44  Pylon  
  48  4:45  Probe x2  
  50  4:57  Probe x2, Observer  
  53  5:00  Pylon  
  53  5:02  Gateway  
  53  5:04  Stalker  
  53  5:05  Stalker  
  57  5:09  Probe x2  
  57  5:11  Shield Battery  
  59  5:20  Forge  
  59  5:23  Immortal  
  63  5:34  Probe x2  
  63  5:35  Pylon  
  65  5:38  Assimilator  
  65  5:41  Assimilator  
  65  5:45  Shield Battery  
  65  5:46  Probe x2, Protoss Ground Weapons Level 1 (Chrono Boost)  
  65  5:48  Twilight Council  
  67  6:02  Pylon, Observer, Stalker  
  67  6:03  Zealot x2  
  74  6:18  Probe x2  
  76  6:30  Probe, Pylon  
  76  6:31  Probe, Pylon  
  78  6:34  Sentry  
  78  6:35  Charge (Chrono Boost)  
  78  6:36  Zealot  
  78  6:37  Zealot  
  84  6:43  Probe x2  
  86  6:48  Templar Archives  
  86  6:52  Photon Cannon  
  86  7:17  Stalker x2  
  86  7:21  Immortal  
  94  7:29  Nexus  
  94  7:32  Pylon  
  94  7:35  Pylon  
  94  7:38  Protoss Ground Weapons Level 2 (Chrono Boost)  
  94  7:39  Probe x2  
  96  7:50  Shield Battery  
  96  7:51  Probe x2  
  98  7:52  Shield Battery  
  98  8:00  Immortal  
  98  8:02  Gateway x2  
  98  8:03  Probe x2  
  104  8:08  High Templar x3  
  104  8:12  Archon  
  110  8:15  Probe  
  111  8:26  Photon Cannon  
  111  8:29  Photon Cannon  
  111  8:31  Photon Cannon  
  111  8:32  Probe x2  
  113  8:35  Assimilator  
  113  8:37  Assimilator  
  113  8:41  Gateway  
  113  8:42  Gateway  
  113  8:44  Probe x2  
  115  8:52  Zealot  
  115  8:53  Zealot x2  
  121  8:56  Probe  
  121  8:59  Probe  
  121  9:02  Probe  
  124  9:08  Probe  
  125  9:11  Probe  
  125  9:14  Probe  
  127  9:20  Probe  
  127  9:23  Probe  
  129  9:25  High Templar x5  
  129  9:26  Probe  
  129  9:29  Archon x2  
  129  9:30  Archon  
  140  9:32  Probe  
  141  9:55  Pylon  
  141  10:01  Pylon  
  141  10:02  Protoss Ground Weapons Level 3 (Chrono Boost)  
  141  10:06  Pylon x2  
  141  10:13  Warp Prism  
  143  10:15  Probe  
  145  10:25  Zealot  
  145  10:26  Zealot x5  
  145  10:27  Probe, Zealot  
  159  10:40  Pylon  
  159  10:42  Pylon  
  158  10:47  High Templar  
  158  10:48  High Templar x2  
  158  10:49  Immortal  
  168  11:24  High Templar x2  
  168  11:25  High Templar x5  
  178  11:27  Archon  
  182  11:52  Archon x3  
  182  11:53  Archon  
  182  12:00  High Templar x3  
  188  12:19  Psionic Storm  
  186  12:45  Protoss Ground Armor Level 1 (Chrono Boost)  
  186  13:04  Stalker  
  188  13:14  Nexus  
  188  13:17  Pylon  
  188  13:20  Pylon  
  188  13:24  Photon Cannon  
  188  13:35  Immortal  
  188  13:37  Pylon  
  188  13:40  Pylon  
  192  13:42  Pylon  
  192  13:52  Stalker x2  
  192  13:53  Stalker x2  
  200  14:10  Shield Battery  
  200  14:11  Shield Battery  
  200  14:16  Photon Cannon  
  198  14:52  Photon Cannon  
  198  14:56  Photon Cannon  
  198  15:19  Stalker  
  198  15:20  Nexus  
  200  15:22  Pylon  
  200  15:25  Pylon  
  200  15:53  Shield Battery  
  200  15:57  Photon Cannon  
  200  16:02  Photon Cannon  
  200  16:08  Photon Cannon  
  200  16:10  Photon Cannon  
  200  16:13  Photon Cannon  
  200  16:16  Assimilator  
  200  16:19  Assimilator  
  200  16:23  Stargate  
  200  16:25  Stargate  
  200  16:29  Stargate  
  200  16:33  Photon Cannon  
  200  16:36  Photon Cannon  
  200  16:40  Photon Cannon  
  200  16:44  Photon Cannon  
  200  16:47  Photon Cannon  
  200  17:20  Pylon  
  200  17:29  Pylon  
  139  18:10  Stalker x4  
  139  18:11  Stalker x3  
  127  18:23  Observer  
  120  18:29  Archon  
  120  18:38  Stalker x4  
  120  18:39  Stalker x3  
  130  18:44  Observer  
  131  18:50  Blink  
  131  18:54  Void Ray x2  
  131  18:55  Void Ray  
  143  19:04  Stalker  
  143  19:05  Stalker x4  
  143  19:06  Stalker x2  
  152  19:29  Stalker x3  
  152  19:30  Stalker x4  
  166  19:37  Void Ray x3  
  178  19:41  Shield Battery  
  178  19:44  Photon Cannon  
  178  19:47  Photon Cannon  
  178  19:58  Sentry  
  178  19:59  Sentry x3  
  186  20:01  High Templar x3  
  186  20:05  Archon  
  192  20:09  Nexus  
  192  20:10  Pylon  
  192  20:13  Pylon  
  192  20:30  Stalker x2  
  192  20:31  Stalker x2  
  155  21:12  Zealot x6  
  155  21:13  Zealot  
  134  21:35  Stalker x3  
  134  21:36  Stalker x3  
  134  21:37  Stalker  
  146  21:41  Void Ray x2  
  146  21:42  Void Ray  
  158  22:00  Observer  
  159  22:01  Stalker  
  159  22:02  Stalker x2  
  159  22:03  Stalker  
  157  22:21  Observer  
  147  22:24  Void Ray x3  
  157  22:41  Stalker x3  
  157  22:42  Stalker x4  
  171  22:57  Photon Cannon  
  171  22:58  Shield Battery  
  171  22:59  Shield Battery  
  171  23:03  Photon Cannon  
  171  23:05  Void Ray (Chrono Boost)  
  171  23:06  Void Ray x2 (Chrono Boost)  
  171  23:08  Photon Cannon, Zealot  
  171  23:09  Zealot x5  
  171  23:10  Zealot  
  171  23:11  Photon Cannon  
  197  23:16  Assimilator  
  197  23:19  Assimilator  
  197  23:38  Fleet Beacon  
  197  23:40  Void Ray x3  
  187  23:46  Zealot x2  
  199  24:35  Unknown  
Tags
 
Composition
Archon Immortal
Matchup
PvT
Replay Pack
20200422
Spawn Locations
Cross Positions
Add a new tag
Caveats
  • Supply blocks, unpowered buildings, or Contaminate may cause inaccurate times.
  • Supply counts are checked every 10 seconds.